 Dungeon Crawl Stone Soup version 0.31-a0-204-g7da18cac08 (webtiles) character file.

Game seed: 1023133874376605478

108677 qw the Crack Shot (level 16, -1/100 HPs)
             Began as a Deep Elf Hunter on June 27, 2023.
             Was a High Priest of Okawaru.
             Killed by nerve-wracking pain
             ... invoked by an orc priest
              (5 damage)
             ... on level 2 of the Orcish Mines.
             The game lasted 00:10:24 (18556 turns).

qw the Crack Shot (Deep Elf Hunter)                Turns: 18556, Time: 00:10:24

Health: -1/100     AC: 13    Str: 18    XL:     16   Next: 3%
Magic:  23/25      EV: 39    Int: 15    God:    Okawaru [*****.]
Gold:   1634       SH:  0    Dex: 27    Spells: 15/15 levels left

rFire   + + .        Y - +0 triple crossbow
rCold   + . .        (shield currently unavailable)
rNeg    + . .        j - +1 robe of Vines {NoPotionHeal Regen++++}
rPois   +            v - +3 helmet of Pemnesokell {rPois Regen+ Str+4 Slay-3}
rElec   +            q - scarf "Parrina" {rC+ rF+, Dex+3}
rCorr   .            p - +2 pair of gloves
SInv    .            w - +1 pair of boots of Wakhlol {rElec rF+ rN+ Int-2}
Will    +....        t - amulet of faith
Stlth   ++++         x - +6 ring of dexterity
HPRegen 4.36/turn    u - +4 ring of slaying {mikee}
MPRegen 0.19/turn

%: faith
@: lethally poisoned (-1 -> -1), about to teleport, heroic
A: no striking features
a: Renounce Religion, Heroism, Finesse, Duel


You were on level 2 of the Orcish Mines.
You worshipped Okawaru.
Okawaru was extremely pleased with you.
You visited 4 branches of the dungeon, and saw 23 of its levels.
You also visited: Sewer and Gauntlet.

You collected 2089 gold pieces.
You spent 455 gold pieces at shops.


   Skills:
 - Level 11.0(16.0) Fighting
 - Level 22.0(27) Ranged Weapons
 - Level 3.1(8.1) Armour
 + Level 20.8(25.8) Dodging
 - Level 1.2(6.2) Stealth
 - Level 10.0 Invocations


You had 15 spell levels left.
You didn't know any spells.
Your spell library was empty.

Inventory:

Hand Weapons
 Y - a +0 triple crossbow (weapon)
Armour
 j - the +1 robe of Vines (worn) {NoPotionHeal Regen++++}
   (You found it on level 4 of the Dungeon)

   NoPotionHeal: Its wearer cannot be healed by potions.
   Regen:     It increases your rate of health regeneration.
 l - the +0 hat of the Harp {Dex+7}
   (You found it in a Gauntlet)

   Dex:       It affects your dexterity (+7).
 p - a +2 pair of gloves (worn)
 q - the scarf "Parrina" (worn) {rC+ rF+, Dex+3}
   (Okawaru gifted it to you on level 4 of the Lair of Beasts)

   Dex:       It affects your dexterity (+3).
 r - a +0 cloak of poison resistance
 v - the +3 helmet of Pemnesokell (worn) {rPois Regen+ Str+4 Slay-3}
   (You found it in a Gauntlet)

   Str:       It affects your strength (+4).
   Slay:      It affects your accuracy & damage with ranged weapons and melee
   (-3).
   rPois:     It protects you from poison.
   Regen:     It increases your rate of health regeneration.
 w - the +1 pair of boots of Wakhlol (worn) {rElec rF+ rN+ Int-2}
   (Okawaru gifted it to you on level 3 of the Lair of Beasts)

   Int:       It affects your intelligence (-2).
   rF:        It protects you from fire.
   rElec:     It insulates you from electricity.
   rN:        It protects you from negative energy.
 y - a +2 pair of boots of stealth
Jewellery
 d - an amulet of regeneration
 n - a ring of protection from fire
 t - an amulet of faith (around neck)
 u - a +4 ring of slaying (right hand) {mikee}
 x - a +6 ring of dexterity (left hand)
Wands
 k - a wand of digging (17)
Scrolls
 f - 6 scrolls of identify
 h - 6 scrolls of teleportation
Potions
 a - 2 potions of mutation
 b - 11 potions of curing
 c - 3 potions of magic
 e - a potion of resistance
 g - 3 potions of might
 m - 6 potions of haste
 o - 4 potions of enlightenment
 s - 8 potions of heal wounds

Dungeon Overview and Level Annotations

Branches:
Dungeon (15/15)            Temple (1/1) D:4            Lair (5/5) D:10
 Shoals (0/4) Lair:2        Snake (0/4) Lair:3        Slime (0/5) Lair:5
    Orc (2/2) D:9          Vaults (0/5) D:13         Depths (0/4) D:15
  Sewer (visited)         Gauntlet (visited)
    Elf: Orc:2

Altars:
Ashenzari
Cheibriados
Dithmenos
Elyvilon
Fedhas
Gozag
Hepliaklqana
Kikubaaqudgha
Makhleb
Nemelex Xobeh
Okawaru
Qazlal
Ru
Sif Muna
Trog
Uskayaw
Vehumet
Wu Jian
Xom
Yredelemnul
Zin
The Shining One
Jiyva

Shops:
D:4 *!   D:11 :   D:12 !

Portals:
Trove: D:11 (show slimy rune of Zot)
Bailey: D:8

Annotations:
D:7 2 transporters, qw's ghost, novice NaHu
D:9 2 transporters, qw's ghost, journeyman GrFi
Orc:1 1 transporter
Orc:2 2 transporters, qw's ghost, adept GrFi


Message History

The orc warrior hits you with a +0 long sword!
The orc priest hits you with a +0 short sword.
The orc high priest prays to Beogh.
The orc warrior completely misses you. The orc closely misses you.
The orc warrior completely misses you. The orange demon misses you.
The orc priest casts a cantrip, but nothing happens.
You shoot a bolt. The bolt hits the orc warrior!!
You kill the orc warrior!
Okawaru accepts your kill.
You feel like a meek peon again.
You feel very sick.
The orc warrior no longer looks unusually strong.
The orange demon misses you. The orc warrior completely misses you.
The orc priest mumbles some strange prayers to Beogh against you.
Beogh smites you! The orc priest closely misses you.
The orc warrior hits you from afar with a +0 halberd!
The orc completely misses you. The orc warrior misses you.
The orc priest completely misses you. The orange demon barely misses you.
18555 ||| INVOKING Heroism.
You gain the combat prowess of a mighty hero.
You feel very sick. The orange demon completely misses you.
The orc priest calls down the wrath of Beogh upon you.
Beogh smites you! The orc warrior completely misses you.
The orc priest completely misses you.
The orc warrior hits you from afar with a +0 halberd!
The orc closely misses you. The orc warrior misses you.
The orc priest completely misses you. The orange demon stings you from afar.
18556 ||| READING 7 scrolls of teleportation.
As you read the scroll of teleportation, it crumbles to dust.
You feel strangely unstable.
You feel sick. The orange demon completely misses you.
The orc priest mumbles some strange prayers to Beogh against you.
Beogh smites you!
The orc warrior hits you but does no damage.
The orc warrior completely misses you. The orc completely misses you.
The orc warrior completely misses you.
The orc priest mumbles some strange prayers to Beogh against you.
Pain shoots through your body!
You die...

####### ........# ###.....###
........####.........###
.........##.......)¤....##
.........#.......)¤).)...#
.....)..)#.#.#4#o#)#.#.#.#.#
...............ooo....).....
..............o@o4o......#o#
..........).....o)ooo.....o))
.......)))#.#.#)#.#)#.#3#.#.#
........))#.....).........# #
#.......).##.....)....3..##
........))####.........###
..........# ###.....###
#.........# #######
.......)#########


You could see 2 orc high priests, 2 orange demons, 2 smoke demons, 4 orc
warriors, 4 orc priests and an orc.

Vanquished Creatures
  Saint Roka (Orc:2)
  Rupert (Lair:5)
  Jorgrun (D:15)
  Gastronok (D:9)
  Agnes (D:15)
  A minotaur (Gauntlet)
  An ettin (D:15)
  Josephine (D:15)
  2 hydras
  A catoblepas (D:15)
  5 vault guards (D:13)
  2 ogre magi (D:15)
  A merfolk avatar (Lair:5)
  8 two-headed ogres
  A death knight (D:15)
  5 boulder beetles
  3 tengu warriors
  14 death yaks
  2 thrashing horrors (Gauntlet)
  3 orc high priests (Orc:2)
  5 skeletal warriors
  3 skysharks
  2 deep trolls (D:15)
  A sea snake (Lair:5)
  A deep elf archer (D:13)
  A phantasmal warrior (D:15)
  2 wizards
  A necromancer (D:15)
  8 orc knights
  2 oklob plants
  6 cyclopes
  16 ugly things
  5 manticores
  An orc sorcerer (Orc:1)
  Maurice (Orc:1)
  5 slime creatures
  15 elephants
  Joseph (D:8)
  4 black mambas
  2 torpor snails
  10 cane toads
  A gargoyle (D:13)
  Maggie (D:8)
  2 unseen horrors
  16 komodo dragons
  4 yaktaurs (D:13)
  5 rime drakes
  A kobold demonologist (D:12)
  A freezing wraith (D:15)
  A guardian mummy (D:11)
  5 trolls
  4 polar bears
  3 tengu conjurers
  3 hornets
  15 blink frogs
  A hornet (shapeshifter) (D:15)
  A snapping turtle (Lair:5)
  5 flying skulls (Gauntlet)
  2 wyverns
  A shadow (D:9)
  A vampire (D:12)
  8 wraiths
  44 yaks
  5 basilisks
  A steam dragon (Lair:5)
  6 wargs
  5 acid dragons
  9 water moccasins
  3 ice beasts
  39 orc warriors
  7 black bears
  A sky beast (D:7)
  Pargi (Sewer)
  11 wolves
  7 centaurs
  15 ogres
  2 gnoll sergeants (D:11)
  4 bullfrogs
  3 scorpions
  2 small abominations (Gauntlet)
  4 wights (D:6)
  8 killer bees
  A vampire bat (D:8)
  A howler monkey (D:6)
  4 electric eels
  A gnoll bouda (D:6)
  32 orc priests
  7 hounds
  12 iguanas
  22 orc wizards
  19 gnolls
  4 adders
  A shadow imp (D:5)
  3 white imps
  3 worms (D:2)
  2 dart slugs
  73 orcs
  7 ball pythons
  18 bats
  6 endoplasms
  10 giant cockroaches
  8 goblins
  12 hobgoblins
  4 kobolds
  2 quokkas
  A frilled lizard (D:2)
  6 rats (D:1)
664 creatures vanquished.

Vanquished Creatures (others)
  A centaur (D:11)
  2 orcs
3 creatures vanquished.

Grand Total: 667 creatures vanquished

Notes
Turn   | Place    | Note
-------+----------+-------------------------------------------
     0 | D:1      | qw the Deep Elf Hunter began the quest for the Orb.
     0 | D:1      | Reached XP level 1. HP: 12/12 MP: 3/3
     0 | D:1      | 0 ||| qw: Version: 0.3-a-22-g0ed2b0b
     0 | D:1      | 0 ||| qw: Game counter: 6566
     0 | D:1      | 0 ||| qw: Melee chars always use a shield: true
     0 | D:1      | 0 ||| qw: God list: Okawaru
     0 | D:1      | 0 ||| qw: Allow faded altars: false
     0 | D:1      | 0 ||| qw: Do Orc after clearing Dungeon:15 true
     0 | D:1      | 0 ||| qw: Do second Lair branch before Depths: true
     0 | D:1      | 0 ||| qw: Lair rune preference: random
     0 | D:1      | 0 ||| qw: Goals: Normal
     0 | D:1      | 0 ||| PLANNING D:1-11
   133 | D:1      | Reached skill level 6 in Ranged Weapons
   133 | D:1      | Reached XP level 2. HP: 16/16 MP: 4/4
   655 | D:1      | Reached XP level 3. HP: 20/20 MP: 5/5
   715 | D:1      | 715 ||| UPGRADING to +0 ring mail.
   725 | D:1      | 725 ||| DROPPING +0 leather armour.
   726 | D:1      | 726 ||| READING scroll labelled FAOJOTSICIE.
   727 | D:1      | 727 ||| READING scroll labelled PUHIG EBOISHE.
   728 | D:1      | 728 ||| READING scroll labelled KIOPTE MAESA.
   729 | D:1      | 729 ||| READING scroll labelled CAAPRY PUTZOSAE.
   730 | D:1      | 730 ||| DROPPING scroll of butterflies.
   924 | D:2      | Reached skill level 7 in Ranged Weapons
  1169 | D:2      | 1169 ||| READING scroll labelled NEIDUSSI FUBU.
  1169 | D:2      | Found a faded altar of an unknown god.
  1170 | D:2      | 1170 ||| READING 2 scrolls labelled RAYCRE NISU.
  1289 | D:2      | 1289 ||| READING 2 scrolls labelled WAALUA YFRE.
  1293 | D:2      | 1293 ||| DRINKING 2 silvery potions.
  1294 | D:2      | 1294 ||| DRINKING 3 coppery potions.
  1340 | D:2      | 1340 ||| DROPPING scroll of immolation.
  1341 | D:2      | 1341 ||| DROPPING 2 potions of lignification.
  1400 | D:3      | Reached XP level 4. HP: 25/25 MP: 6/6
  2060 | D:4      | Found a blossoming altar of Fedhas.
  2110 | D:4      | Found Puynor Xid's Distillery.
  2120 | D:4      | 2120 ||| BUYING potion of curing (42 gold).
  2120 | D:4      | Bought a potion of curing for 42 gold pieces
  2120 | D:4      | 2120 ||| SHOPLISTING potion of haste (140 gold, have 62).
  2120 | D:4      | 2120 ||| SHOPLISTING potion of heal wounds (70 gold, have
                  | 62).
  2120 | D:4      | 2120 ||| BUYING potion of might (56 gold).
  2120 | D:4      | Bought a potion of might for 56 gold pieces
  2120 | D:4      | 2120 ||| SHOPLISTING potion of might (56 gold, have 6).
  2120 | D:4      | Noticed an ogre
  2126 | D:4      | Killed an ogre
  2127 | D:4      | Reached skill level 8 in Ranged Weapons
  2127 | D:4      | Reached XP level 5. HP: 29/29 MP: 7/7
  2151 | D:4      | Found the +1 robe of Vines {NoPotionHeal Regen++++}
  2259 | D:4      | Found Ysoic's Neck Hole.
  2269 | D:4      | 2269 ||| SHOPLISTING +0 cloak (58 gold, have 51).
  2269 | D:4      | 2269 ||| SHOPLISTING +1 cloak (149 gold, have 51).
  2269 | D:4      | 2269 ||| SHOPLISTING amulet of reflection (390 gold, have
                  | 51).
  2269 | D:4      | 2269 ||| SHOPLISTING scarf of repulsion (156 gold, have
                  | 51).
  2354 | D:4      | Reached skill level 9 in Ranged Weapons
  2461 | D:4      | Found a staircase to the Ecumenical Temple.
  2462 | D:4      | 2462 ||| PLANNING TEMPLE
  2462 | D:4      | 2462 ||| UPGRADING to +1 robe of Vines {NoPotionHeal
                  | Regen++++}.
  2472 | D:4      | 2472 ||| DROPPING +0 ring mail.
  2479 | Temple   | Entered the Ecumenical Temple
  2523 | Temple   | 2523 ||| PLANNING OKAWARU WORSHIP
  2654 | Temple   | Became a worshipper of Warmaster Okawaru
  2655 | Temple   | 2655 ||| PLANNING D:1-11
  2870 | D:4      | 2870 ||| DROPPING ring of flight.
  2871 | D:4      | 2871 ||| READING scroll labelled XIDAMAUFOU.
  2900 | D:5      | Entered Level 5 of the Dungeon
  2900 | D:5      | Noticed a black bear
  2901 | D:5      | 2901 ||| PLANNING SEWER
  2912 | D:5      | Reached XP level 6. HP: 35/35 MP: 8/8
  2914 | D:5      | 2914 ||| STAIRDANCE
  2943 | D:5      | Found a glowing drain.
  2944 | D:5      | 2944 ||| UPGRADING to scarf of resistance.
  2949 | D:5      | 2949 ||| UPGRADING to amulet of regeneration.
  2982 | Sewer    | Entered a sewer
  3009 | Sewer    | Noticed Pargi
  3031 | Sewer    | Killed Pargi
  3043 | Sewer    | 3043 ||| READING scroll of enchant weapon.
  3043 | Sewer    | 3043 ||| ENCHANTING +1 shortbow.
  3077 | D:5      | 3077 ||| PLANNING D:1-11
  3112 | D:5      | Reached skill level 10 in Ranged Weapons
  3119 | D:5      | Reached XP level 7. HP: 40/40 MP: 9/9
  3290 | D:5      | Reached * piety under Okawaru
  3291 | D:5      | Reached skill level 11 in Ranged Weapons
  3333 | D:5      | 3333 ||| FLEEEEING.
  3373 | D:5      | 3373 ||| INVOKING Heroism.
  3467 | D:5      | Reached skill level 1 in Invocations
  3549 | D:5      | 3549 ||| INVOKING Heroism.
  3755 | D:5      | 3755 ||| DROPPING amulet of the acrobat.
  3756 | D:5      | 3756 ||| READING 2 scrolls labelled JILAINI VEUTUH.
  3757 | D:5      | 3757 ||| READING 3 scrolls of identify.
  3757 | D:5      | 3757 ||| IDENTIFYING clear potion
  3758 | D:5      | 3758 ||| READING 2 scrolls of identify.
  3758 | D:5      | 3758 ||| IDENTIFYING bubbling green potion
  3759 | D:5      | 3759 ||| DROPPING scroll of fear.
  3837 | D:6      | 3837 ||| INVOKING Heroism.
  3844 | D:6      | Reached skill level 12 in Ranged Weapons
  3844 | D:6      | Reached XP level 8. HP: 44/44 MP: 8/12
  3850 | D:6      | Reached skill level 3 in Invocations
  3880 | D:6      | 3880 ||| INVOKING Heroism.
  3954 | D:6      | Reached skill level 3 in Fighting
  3996 | D:6      | 3996 ||| INVOKING Heroism.
  4157 | D:6      | 4157 ||| READING scroll of enchant weapon.
  4157 | D:6      | 4157 ||| ENCHANTING +2 shortbow.
  4467 | D:6      | 4467 ||| UPGRADING to +4 ring of slaying {mikee}.
  4468 | D:6      | 4468 ||| DRINKING 2 red potions.
  4497 | D:7      | Reached skill level 13 in Ranged Weapons
  4525 | D:7      | Noticed a brown ugly thing
  4530 | D:7      | Noticed a komodo dragon
  4531 | D:7      | Found a transporter.
  4547 | D:7      | 4547 ||| INVOKING Heroism.
  4580 | D:7      | 4580 ||| READING scroll of enchant weapon.
  4580 | D:7      | 4580 ||| ENCHANTING +3 shortbow.
  4595 | D:7      | Noticed qw's ghost (novice NaHu)
  4598 | D:7      | Found a transporter.
  4903 | D:7      | Reached ** piety under Okawaru
  4904 | D:7      | Reached XP level 9. HP: 50/50 MP: 14/14
  4909 | D:7      | 4909 ||| READING scroll of enchant weapon.
  4909 | D:7      | 4909 ||| ENCHANTING +4 shortbow.
  5138 | D:7      | Reached skill level 14 in Ranged Weapons
  5140 | D:7      | 5140 ||| DRINKING 2 cyan potions.
  5245 | D:7      | 5245 ||| DRINKING 2 dark potions.
  5246 | D:7      | 5246 ||| DROPPING potion of berserk rage.
  5247 | D:7      | 5247 ||| DROPPING potion of attraction.
  5305 | D:8      | 5305 ||| INVOKING Heroism.
  5356 | D:8      | 5356 ||| INVOKING Heroism.
  5358 | D:8      | HP: 10/50 [killer bee (8)]
  5359 | D:8      | 5359 ||| READING 5 scrolls of teleportation.
  5474 | D:8      | Reached skill level 6 in Dodging
  5542 | D:8      | Noticed Maggie
  5542 | D:8      | Noticed Joseph
  5543 | D:8      | 5543 ||| Stepping ~*~*~tactically~*~*~ (water).
  5545 | D:8      | 5545 ||| FLEEEEING.
  5553 | D:8      | 5553 ||| INVOKING Heroism.
  5556 | D:8      | Killed Joseph
  5568 | D:8      | Killed Maggie
  5575 | D:8      | Found a flagged portal.
  5591 | D:8      | 5591 ||| Stepping ~*~*~tactically~*~*~ (water).
  5597 | D:8      | Found a broken altar of Ashenzari.
  5768 | D:8      | Found a hazy altar of Hepliaklqana.
  5928 | D:8      | 5928 ||| INVOKING Heroism.
  5929 | D:8      | 5929 ||| Stepping ~*~*~tactically~*~*~ (outnumbered).
  6053 | D:8      | 6053 ||| DROPPING scarf of shadows.
  6054 | D:8      | 6054 ||| UPGRADING to +2 pair of gloves.
  6059 | D:8      | 6059 ||| UPGRADING to amulet of faith.
  6069 | D:8      | 6069 ||| DRINKING 2 fizzy emerald potions.
  6070 | D:8      | 6070 ||| READING 2 scrolls of identify.
  6070 | D:8      | 6070 ||| IDENTIFYING fuming dark potion
  6071 | D:8      | 6071 ||| DROPPING potion of ambrosia.
  6090 | D:9      | Noticed a troll
  6091 | D:9      | 6091 ||| INVOKING Heroism.
  6104 | D:9      | Killed a troll
  6137 | D:9      | Found a shimmering altar of Xom.
  6137 | D:9      | Found a shimmering altar of Xom.
  6161 | D:9      | Noticed qw's ghost (journeyman GrFi)
  6161 | D:9      | Noticed a gargoyle
  6177 | D:9      | Found a transporter.
  6180 | D:9      | Found a transporter.
  6261 | D:9      | Reached *** piety under Okawaru
  6262 | D:9      | 6262 ||| INVOKING Heroism.
  6272 | D:9      | Reached skill level 9 in Dodging
  6277 | D:9      | Reached XP level 10. HP: 26/59 MP: 13/15
  6283 | D:9      | Reached skill level 1 in Armour
  6293 | D:9      | 6293 ||| SWAPPING to +0 orcbow.
  6294 | D:9      | 6294 ||| DROPPING +5 shortbow.
  6344 | D:9      | 6344 ||| INVOKING Heroism.
  6345 | D:9      | 6345 ||| Stepping ~*~*~tactically~*~*~ (outnumbered).
  6407 | D:9      | Found a staircase to the Orcish Mines.
  6453 | D:9      | 6453 ||| Stepping ~*~*~tactically~*~*~ (outnumbered).
  6553 | D:9      | Found a shimmering altar of Xom.
  6553 | D:9      | Found a shimmering altar of Xom.
  6553 | D:9      | Found a shimmering altar of Xom.
  6555 | D:9      | Found a shimmering altar of Xom.
  6656 | D:9      | Noticed Gastronok
  6657 | D:9      | 6657 ||| INVOKING Heroism.
  6674 | D:9      | 6674 ||| INVOKING Heroism.
  6681 | D:9      | Killed Gastronok
  6682 | D:9      | Reached skill level 16 in Ranged Weapons
  6928 | D:9      | 6928 ||| UPGRADING to +1 hat.
  6933 | D:9      | 6933 ||| READING scroll labelled YRPHAXZ FANA.
  6934 | D:9      | 6934 ||| DRINKING 3 murky blue potions.
  6978 | D:10     | Entered Level 10 of the Dungeon
  6988 | D:10     | 6988 ||| STAIRDANCE
  6990 | D:9      | Reached **** piety under Okawaru
  7020 | D:10     | 7020 ||| INVOKING Heroism.
  7070 | D:10     | Noticed a two-headed ogre
  7071 | D:10     | 7071 ||| INVOKING Heroism.
  7077 | D:10     | Killed a two-headed ogre
  7078 | D:10     | Reached skill level 6 in Fighting
  7120 | D:10     | Identified the +0 chain mail of an ossuary {rElec}
  7185 | D:10     | Received a gift from Okawaru
  7186 | D:10     | Reached skill level 6 in Invocations
  7191 | D:10     | Reached XP level 11. HP: 64/64 MP: 17/17
  7192 | D:10     | 7192 ||| INVOKING Heroism.
  7401 | D:10     | Found a sacrificial altar of Ru.
  7553 | D:10     | 7553 ||| INVOKING Heroism.
  7586 | D:10     | 7586 ||| Stepping ~*~*~tactically~*~*~ (outnumbered).
  7592 | D:10     | Found a staircase to the Lair.
  7593 | D:10     | 7593 ||| Stepping ~*~*~tactically~*~*~ (outnumbered).
  7607 | D:10     | Reached ***** piety under Okawaru
  7720 | D:10     | 7720 ||| PLANNING LAIR
  7720 | D:10     | 7720 ||| READING scroll labelled FEOVUD OGEWYCKU.
  7721 | D:10     | 7721 ||| READING 2 scrolls of identify.
  7721 | D:10     | 7721 ||| IDENTIFYING brown potion
  7722 | D:10     | 7722 ||| DROPPING potion of brilliance.
  7724 | D:10     | 7724 ||| Stepping ~*~*~tactically~*~*~ (cloud).
  7803 | Lair:1   | Entered Level 1 of the Lair of Beasts
  7806 | Lair:1   | 7806 ||| INVOKING Heroism.
  7869 | Lair:1   | 7869 ||| INVOKING Heroism.
  7918 | Lair:1   | 7918 ||| INVOKING Heroism.
  8052 | Lair:1   | 8052 ||| INVOKING Heroism.
  8076 | Lair:1   | 8076 ||| INVOKING Heroism.
  8171 | Lair:1   | 8171 ||| READING scroll of enchant weapon.
  8171 | Lair:1   | 8171 ||| ENCHANTING +0 orcbow.
  8277 | Lair:1   | Reached skill level 9 in Invocations
  8290 | Lair:1   | 8290 ||| INVOKING Heroism.
  8353 | Lair:1   | 8353 ||| INVOKING Heroism.
  8436 | Lair:1   | 8436 ||| INVOKING Heroism.
  8474 | Lair:1   | 8474 ||| INVOKING Heroism.
  8475 | Lair:1   | Identified the +2 hat "Kouhimo" {Fly rElec} (Okawaru gifted
                  | it to you on level 1 of the Lair of Beasts)
  8475 | Lair:1   | Received a gift from Okawaru
  8533 | Lair:1   | 8533 ||| INVOKING Heroism.
  8547 | Lair:1   | Reached XP level 12. HP: 50/73 MP: 19/21
  8820 | Lair:1   | 8820 ||| UPGRADING to +2 hat "Kouhimo" {Fly rElec}.
  8830 | Lair:1   | 8830 ||| DROPPING +1 hat.
  8831 | Lair:1   | 8831 ||| DROPPING scarf of resistance.
  8832 | Lair:1   | 8832 ||| UPGRADING to ring of resist corrosion.
  8833 | Lair:1   | 8833 ||| READING scroll labelled TUEGOL TIFIGISH.
  8859 | Lair:2   | 8859 ||| INVOKING Heroism.
  8988 | Lair:2   | Identified the +3 dagger of the Invisible Bounties {freeze,
                  | rC+}
  9050 | Lair:2   | Noticed a four-headed hydra
  9051 | Lair:2   | 9051 ||| INVOKING Heroism.
  9062 | Lair:2   | Killed a four-headed hydra
  9263 | Lair:2   | 9263 ||| INVOKING Heroism.
  9269 | Lair:2   | Reached skill level 12 in Dodging
  9475 | Lair:2   | Noticed a death yak
  9476 | Lair:2   | 9476 ||| INVOKING Heroism.
  9476 | Lair:2   | Noticed a death yak
  9477 | Lair:2   | 9477 ||| INVOKING Finesse.
  9481 | Lair:2   | Killed a death yak
  9487 | Lair:2   | Killed a death yak
  9487 | Lair:2   | Noticed a death yak
  9493 | Lair:2   | Noticed a death yak
  9499 | Lair:2   | Noticed a death yak
  9501 | Lair:2   | Killed a death yak
  9502 | Lair:2   | Noticed a death yak
  9507 | Lair:2   | Killed a death yak
  9508 | Lair:2   | Reached skill level 9 in Fighting
  9515 | Lair:2   | Killed a death yak
  9524 | Lair:2   | Killed a death yak
  9556 | Lair:2   | Found a staircase to the Shoals.
  9818 | Lair:3   | 9818 ||| INVOKING Heroism.
  9982 | Lair:3   | Identified the +1 pair of boots of Wakhlol {rElec rF+ rN+
                  | Int-2} (Okawaru gifted it to you on level 3 of the Lair of
                  | Beasts)
  9982 | Lair:3   | Received a gift from Okawaru
 10194 | Lair:3   | 10194 ||| UPGRADING to +1 pair of boots of Wakhlol {rElec
                  | rF+ rN+ Int-2}.
 10285 | Lair:3   | Found a staircase to the Snake Pit.
 10709 | Lair:4   | 10709 ||| INVOKING Heroism.
 10713 | Lair:4   | Reached XP level 13. HP: 50/81 MP: 19/22
 10735 | Lair:4   | HP: 19/82 [skyshark (3)]
 10736 | Lair:4   | 10736 ||| READING 5 scrolls of teleportation.
 10737 | Lair:4   | HP: 4/82 [elephant (14)]
 10742 | Lair:4   | HP: 12/82 [poisoned by a black mamba]
 10747 | Lair:4   | 10747 ||| INVOKING Heroism.
 10947 | Lair:4   | 10947 ||| DROPPING ring of fire.
 10948 | Lair:4   | 10948 ||| UPGRADING to +6 ring of dexterity.
 10950 | Lair:4   | 10950 ||| UPGRADING to +4 ring of slaying {mikee}.
 10952 | Lair:4   | 10952 ||| INVOKING Heroism.
 10978 | Lair:4   | Reached skill level 15 in Dodging
 11043 | Lair:4   | 11043 ||| INVOKING Heroism.
 11044 | Lair:4   | 11044 ||| INVOKING Finesse.
 11124 | Lair:4   | 11124 ||| INVOKING Heroism.
 11182 | Lair:4   | Identified the scarf "Parrina" {rC+ rF+, Dex+3} (Okawaru
                  | gifted it to you on level 4 of the Lair of Beasts)
 11182 | Lair:4   | Received a gift from Okawaru
 11203 | Lair:4   | 11203 ||| INVOKING Heroism.
 11317 | Lair:4   | 11317 ||| INVOKING Heroism.
 11318 | Lair:4   | 11318 ||| INVOKING Finesse.
 11319 | Lair:4   | 11319 ||| UPGRADING to scarf "Parrina" {rC+ rF+, Dex+3}.
 11329 | Lair:4   | 11329 ||| DROPPING scarf of resistance.
 11334 | Lair:4   | 11334 ||| DROPPING +0 cloak.
 11337 | Lair:4   | 11337 ||| DROPPING ring of resist corrosion.
 11361 | Lair:4   | 11361 ||| INVOKING Heroism.
 11372 | Lair:4   | 11372 ||| INVOKING Finesse.
 11517 | Lair:4   | 11517 ||| INVOKING Heroism.
 11668 | Lair:5   | Entered Level 5 of the Lair of Beasts
 11859 | Lair:5   | 11859 ||| READING scroll of enchant weapon.
 11859 | Lair:5   | 11859 ||| ENCHANTING +1 orcbow of electrocution.
 11911 | Lair:5   | 11911 ||| INVOKING Heroism.
 11956 | Lair:5   | Found a viscous altar of Jiyva.
 11956 | Lair:5   | Found a staircase to the Slime Pits.
 11997 | Lair:5   | 11997 ||| INVOKING Heroism.
 12006 | Lair:5   | Reached skill level 18 in Dodging
 12048 | Lair:5   | 12048 ||| INVOKING Heroism.
 12052 | Lair:5   | Noticed Rupert
 12053 | Lair:5   | 12053 ||| INVOKING Finesse.
 12068 | Lair:5   | Killed Rupert
 12081 | Lair:5   | Reached XP level 14. HP: 88/88 MP: 18/23
 12241 | Lair:5   | Found the +8 frozen axe "Frostbite" {freeze, freezing
                  | cloud, *Noise Fly rC+}
 12287 | Lair:5   | 12287 ||| INVOKING Heroism.
 12288 | Lair:5   | 12288 ||| INVOKING Finesse.
 12295 | Lair:5   | 12295 ||| READING 5 scrolls of identify.
 12295 | Lair:5   | 12295 ||| IDENTIFYING sedimented cyan potion
 12316 | Lair:5   | Identified the -1 buckler "Lezeos" {rF++} (Okawaru gifted
                  | it to you on level 5 of the Lair of Beasts)
 12316 | Lair:5   | Received a gift from Okawaru
 12606 | Lair:5   | 12606 ||| PLANNING D:1-11
 12606 | Lair:5   | 12606 ||| DROPPING potion of invisibility.
 12749 | D:11     | 12749 ||| STAIRDANCE
 12761 | D:11     | 12761 ||| STAIRDANCE
 12782 | D:11     | 12782 ||| SWAPPING to +3 heavy orcbow.
 12783 | D:11     | 12783 ||| DROPPING +2 orcbow of electrocution.
 12831 | D:11     | 12831 ||| INVOKING Heroism.
 12832 | D:11     | 12832 ||| INVOKING Finesse.
 13037 | D:11     | Found Kerotof's Book Emporium.
 13082 | D:11     | Found a portal to a secret trove of treasure.
 13212 | D:11     | 13212 ||| INVOKING Heroism.
 13213 | D:11     | 13213 ||| INVOKING Finesse.
 13580 | D:11     | 13580 ||| PLANNING D
 13580 | D:11     | 13580 ||| DROPPING +6 ring of intelligence.
 13581 | D:11     | 13581 ||| READING scroll labelled WEOV QAK NOYN.
 13592 | D:11     | 13592 ||| READING 4 scrolls of identify.
 13592 | D:11     | 13592 ||| IDENTIFYING ruby potion
 13593 | D:11     | 13593 ||| DROPPING potion of degeneration.
 13704 | D:12     | Found Sozan's Distillery.
 13711 | D:12     | 13711 ||| BUYING potion of heal wounds (85 gold).
 13711 | D:12     | Bought a potion of heal wounds for 85 gold pieces
 13711 | D:12     | 13711 ||| BUYING potion of magic (136 gold).
 13711 | D:12     | Bought a potion of magic for 136 gold pieces
 13711 | D:12     | 13711 ||| BUYING potion of might (68 gold).
 13711 | D:12     | Bought a potion of might for 68 gold pieces
 13711 | D:12     | 13711 ||| BUYING potion of might (68 gold).
 13711 | D:12     | Bought a potion of might for 68 gold pieces
 13767 | D:12     | 13767 ||| INVOKING Heroism.
 13793 | D:12     | 13793 ||| Stepping ~*~*~tactically~*~*~ (outnumbered).
 13796 | D:12     | HP: 12/90 [skeletal warrior/+0 glaive (21)]
 13797 | D:12     | 13797 ||| READING 5 scrolls of teleportation.
 13806 | D:12     | 13806 ||| INVOKING Heroism.
 13824 | D:12     | Identified the +2 dagger of the Omega Point {heavy, Fly
                  | rPois Dex+2}
 13911 | D:12     | 13911 ||| INVOKING Heroism.
 14251 | D:12     | 14251 ||| DROPPING ring of fire.
 14262 | D:13     | 14262 ||| PLANNING GAUNTLET
 14456 | D:13     | Identified the +4 whip of Zias {heavy, rPois}
 14471 | D:13     | 14471 ||| Stepping ~*~*~tactically~*~*~ (outnumbered).
 14473 | D:13     | 14473 ||| Stepping ~*~*~tactically~*~*~ (outnumbered).
 14475 | D:13     | 14475 ||| Stepping ~*~*~tactically~*~*~ (outnumbered).
 14482 | D:13     | 14482 ||| INVOKING Heroism.
 14483 | D:13     | 14483 ||| Stepping ~*~*~tactically~*~*~ (outnumbered).
 14495 | D:13     | Reached skill level 3 in Armour
 14517 | D:13     | Received a gift from Okawaru
 14522 | D:13     | 14522 ||| SWAPPING to +2 arbalest of flaming.
 14523 | D:13     | 14523 ||| DROPPING +3 heavy orcbow.
 14565 | D:13     | Found a gate to the Vaults.
 14686 | D:13     | Found a gate leading to a gauntlet.
 14695 | Gauntlet | Entered a Gauntlet
 14695 | Gauntlet | Found a transporter.
 14704 | Gauntlet | Found a transporter.
 14706 | Gauntlet | Found a transporter.
 14717 | Gauntlet | Found a transporter.
 14720 | Gauntlet | Found a transporter.
 14728 | Gauntlet | Found a transporter.
 14733 | Gauntlet | Found the brooch of Shielding {Spirit SH+8}
 14749 | Gauntlet | Found a transporter.
 14760 | Gauntlet | Found a transporter.
 14767 | Gauntlet | Found a runed translucent door.
 14771 | Gauntlet | Found a transporter.
 14790 | Gauntlet | Found a transporter.
 14793 | Gauntlet | Found a runed translucent door.
 14804 | Gauntlet | Found a transporter.
 14850 | Gauntlet | Found a runed translucent door.
 14853 | Gauntlet | Found a transporter.
 14855 | Gauntlet | Found a transporter.
 14871 | Gauntlet | Found a transporter.
 14959 | Gauntlet | 14959 ||| INVOKING Heroism.
 14960 | Gauntlet | 14960 ||| INVOKING Finesse.
 15002 | Gauntlet | 15002 ||| READING scroll of brand weapon.
 15002 | Gauntlet | 15002 ||| BRANDING +2 arbalest of flaming.
 15007 | Gauntlet | 15007 ||| READING scroll labelled XEUXUWNOHUTS.
 15041 | Gauntlet | Reached skill level 17 in Ranged Weapons
 15074 | Gauntlet | 15074 ||| DROPPING scarf of shadows.
 15080 | Gauntlet | 15080 ||| INVOKING Heroism.
 15111 | Gauntlet | Identified the +0 hat of the Harp {Dex+7}
 15117 | Gauntlet | Identified the +3 helmet of Pemnesokell {rPois Regen+ Str+4
                  | Slay-3}
 15122 | Gauntlet | 15122 ||| SWAPPING to +0 triple crossbow.
 15123 | Gauntlet | 15123 ||| DROPPING +2 arbalest of electrocution.
 15155 | Gauntlet | 15155 ||| UPGRADING to +0 hat of the Harp {Dex+7}.
 15165 | Gauntlet | 15165 ||| DROPPING +2 hat "Kouhimo" {Fly rElec}.
 15166 | Gauntlet | 15166 ||| UPGRADING to +3 helmet of Pemnesokell {rPois
                  | Regen+ Str+4 Slay-3}.
 15192 | D:13     | 15192 ||| PLANNING D
 15492 | D:14     | 15492 ||| INVOKING Heroism.
 15641 | D:14     | Reached XP level 15. HP: 94/94 MP: 24/24
 15878 | D:14     | You fall into a shaft and drop 1 floor!
 15878 | D:15     | Entered Level 15 of the Dungeon
 15880 | D:15     | 15880 ||| READING scroll labelled ADOMPO ILAMI.
 15983 | D:15     | 15983 ||| INVOKING Heroism.
 15990 | D:15     | Reached skill level 18 in Ranged Weapons
 16006 | D:14     | Received a gift from Okawaru
 16292 | D:14     | 16292 ||| DROPPING +2 pair of gloves of hurling.
 16390 | D:15     | 16390 ||| INVOKING Heroism.
 16454 | D:15     | Found a staircase to the Depths.
 16545 | D:15     | 16545 ||| INVOKING Heroism.
 16557 | D:15     | 16557 ||| Stepping ~*~*~tactically~*~*~ (cloud).
 16559 | D:15     | Reached skill level 19 in Ranged Weapons
 16560 | D:15     | 16560 ||| DRINKING 2 potions of cancellation.
 16618 | D:15     | Noticed Agnes
 16619 | D:15     | 16619 ||| INVOKING Heroism.
 16624 | D:15     | Killed Agnes
 16721 | D:15     | 16721 ||| INVOKING Heroism.
 16742 | D:15     | Noticed Jorgrun
 16744 | D:15     | 16744 ||| Stepping ~*~*~tactically~*~*~ (outnumbered).
 16754 | D:15     | Reached skill level 20 in Ranged Weapons
 16754 | D:15     | 16754 ||| INVOKING Heroism.
 16763 | D:15     | HP: 21/94 [constriction (10)]
 16764 | D:15     | 16764 ||| READING 8 scrolls of teleportation.
 16770 | D:15     | 16770 ||| FLEEEEING.
 16771 | D:15     | 16771 ||| FLEEEEING.
 16772 | D:15     | 16772 ||| FLEEEEING.
 16773 | D:15     | 16773 ||| FLEEEEING.
 16774 | D:15     | 16774 ||| FLEEEEING.
 16775 | D:15     | 16775 ||| FLEEEEING.
 16776 | D:15     | 16776 ||| FLEEEEING.
 16777 | D:15     | 16777 ||| FLEEEEING.
 16778 | D:15     | 16778 ||| FLEEEEING.
 16779 | D:15     | 16779 ||| FLEEEEING.
 16780 | D:15     | 16780 ||| FLEEEEING.
 16781 | D:15     | 16781 ||| FLEEEEING.
 16782 | D:15     | 16782 ||| FLEEEEING.
 16783 | D:15     | 16783 ||| INVOKING Heroism.
 16788 | D:15     | 16788 ||| DRINKING potion of cancellation.
 16788 | D:15     | Noticed Josephine
 16795 | D:15     | Killed Jorgrun
 16797 | D:15     | Killed Josephine
 16829 | D:15     | 16829 ||| INVOKING Heroism.
 16843 | D:15     | Reached skill level 21 in Ranged Weapons
 17413 | D:15     | 17413 ||| PLANNING ORC
 17413 | D:15     | 17413 ||| READING 7 scrolls of identify.
 17413 | D:15     | 17413 ||| IDENTIFYING sedimented grey potion
 17653 | Orc:1    | Entered Level 1 of the Orcish Mines
 17671 | Orc:1    | 17671 ||| INVOKING Heroism.
 17763 | Orc:1    | 17763 ||| INVOKING Heroism.
 17855 | Orc:1    | 17855 ||| FLEEEEING.
 17856 | Orc:1    | 17856 ||| FLEEEEING.
 17857 | Orc:1    | 17857 ||| FLEEEEING.
 17858 | Orc:1    | 17858 ||| FLEEEEING.
 17859 | Orc:1    | 17859 ||| FLEEEEING.
 17868 | Orc:1    | Noticed Maurice
 17869 | Orc:1    | 17869 ||| Stepping ~*~*~tactically~*~*~ (outnumbered).
 17877 | Orc:1    | Killed Maurice
 17882 | Orc:1    | 17882 ||| FLEEEEING.
 17883 | Orc:1    | 17883 ||| FLEEEEING.
 17884 | Orc:1    | 17884 ||| FLEEEEING.
 17885 | Orc:1    | 17885 ||| FLEEEEING.
 17886 | Orc:1    | 17886 ||| FLEEEEING.
 17887 | Orc:1    | 17887 ||| FLEEEEING.
 17888 | Orc:1    | 17888 ||| FLEEEEING.
 17889 | Orc:1    | 17889 ||| FLEEEEING.
 18079 | Orc:1    | Found a transporter.
 18206 | Orc:2    | Entered Level 2 of the Orcish Mines
 18217 | Orc:2    | Found a transporter.
 18238 | Orc:2    | Noticed qw's ghost (adept GrFi)
 18240 | Orc:2    | 18240 ||| FLEEEEING.
 18242 | Orc:2    | 18242 ||| FLEEEEING.
 18243 | Orc:2    | 18243 ||| FLEEEEING.
 18272 | Orc:2    | Found a transporter.
 18278 | Orc:2    | Noticed Saint Roka
 18279 | Orc:2    | 18279 ||| INVOKING Heroism.
 18292 | Orc:2    | 18292 ||| INVOKING Heroism.
 18302 | Orc:2    | Killed Saint Roka
 18353 | Orc:2    | 18353 ||| INVOKING Heroism.
 18368 | Orc:2    | 18368 ||| INVOKING Heroism.
 18384 | Orc:2    | Reached skill level 22 in Ranged Weapons
 18402 | Orc:2    | 18402 ||| INVOKING Heroism.
 18417 | Orc:2    | 18417 ||| Stepping ~*~*~tactically~*~*~ (outnumbered).
 18424 | Orc:2    | 18424 ||| Stepping ~*~*~tactically~*~*~ (outnumbered).
 18464 | Orc:2    | 18464 ||| FLEEEEING.
 18496 | Orc:2    | 18496 ||| FLEEEEING.
 18497 | Orc:2    | 18497 ||| FLEEEEING.
 18507 | Orc:2    | 18507 ||| INVOKING Heroism.
 18509 | Orc:2    | 18509 ||| Stepping ~*~*~tactically~*~*~ (outnumbered).
 18531 | Orc:2    | Identified the +7 longbow of Wyrd {heavy, Int+5 Dex-3 SInv}
                  | (Okawaru gifted it to you on level 2 of the Orcish Mines)
 18531 | Orc:2    | Received a gift from Okawaru
 18532 | Orc:2    | Reached XP level 16. HP: 100/100 MP: 25/25
 18539 | Orc:2    | 18539 ||| Stepping ~*~*~tactically~*~*~ (outnumbered).
 18540 | Orc:2    | 18540 ||| Stepping ~*~*~tactically~*~*~ (outnumbered).
 18541 | Orc:2    | 18541 ||| Stepping ~*~*~tactically~*~*~ (outnumbered).
 18542 | Orc:2    | 18542 ||| Stepping ~*~*~tactically~*~*~ (outnumbered).
 18555 | Orc:2    | 18555 ||| INVOKING Heroism.
 18555 | Orc:2    | HP: 19/100 [orc warrior/+0 halberd (8)]
 18556 | Orc:2    | 18556 ||| READING 7 scrolls of teleportation.
 18556 | Orc:2    | HP: 4/100 [orc priest/divine providence (12)]
 18556 | Orc:2    | Killed from afar by an orc priest

Levels and vault maps discovered:
D:1:      dpeg_arrival_ratfight, layout_loops_cross
D:2:      layout_rooms, shapermc_ecumenical_altar_notcrosses
D:3:      layout_basic
D:4:      layout_basic, mainiacjoe_overflow_six_doors_small, temple_green,
          serial_rivers, chequers_serial_rivers_micro_c,
          chequers_serial_rivers_micro_e, chequers_serial_rivers_micro_c,
          chequers_serial_rivers_micro_b, chequers_serial_rivers_large_b,
          chequers_serial_rivers_micro_c, serial_shops, nicolae_shop_stone,
          nicolae_shop_sticking_my_neck_out
D:5:      layout_loops_ring, gup_sewer_entry_glass
D:6:      layout_cave_pools
D:7:      layout_basic, gammafunk_ghost_arena
D:8:      layout_loops_ring, ashenzari_altar_1, nzn_hepliaklqana_mist_gate,
          lightli_bailey_entry_fortress, nrook_loot_triangle, roderic_batcave,
          uniq_maggie, uniq_joseph
D:9:      layout_roguey, xom_shifter_show, david_orc_4, gammafunk_ghost_arena,
          abandoned_shop, uniq_gastronok
D:10:     layout_cave_pools, mainiacjoe_overflow_cross_hatched,
          erik_lair_orcish_takeover, nicolae_hexahallways,
          hangedman_decor_opposing
D:11:     layout_gridville, nicolae_trove_entry_path_of_doom, serial_shops, shop
D:12:     layout_long_grid, serial_shops, shop, nzn_sisyphean_effort
D:13:     layout_loops_ring, grunt_vaults_entry_fortified,
          gauntlet_entry_generic
D:14:     layout_long_grid, kennysheep_nub, hangedman_abyss_or_decor_passed
D:15:     hangedman_depths_entry_civil_slaughter, layout_basic, uniq_josephine,
          uniq_agnes, uniq_jorgrun
Temple:   minmay_crystal_spiral_temple
Lair:1:   beast_lair_carwin_large_4, layout_regular_city
Lair:2:   layout_cave_pods, elwin_shoals_entry_rocks, grunt_megastairs_3,
          serial_bayou_shore_a
Lair:3:   layout_loops_ring, dummy_snake_entry, hibernation_bobbens,
          grunt_megastairs_5
Lair:4:   layout_gridlike, infiniplex_staircase_pool
Lair:5:   gammafunk_lair_ancient_temple, layout_loops_ring, slime_entry_1,
          uniq_rupert
Orc:1:    emtedronai_trogs_sanctum, layout_caves, uniq_maurice
Orc:2:    st_orc_pillars, layout_diamond_mine, basic_altar, serial_shops, shop,
          gammafunk_ghost_arena, uniq_saint_roka

Skill      XL: |  1  2  3  4  5  6  7  8  9 10 11 12 13 14 15 |
---------------+----------------------------------------------+-----
Ranged Weapons | 6 7 8 9 10 12 13 14 16 17 22 | 22.0
Fighting       | 2 3 5 6 7 9 10 11 | 11.0
Dodging        | 4 5 9 11 14 18 20 | 20.8
Invocations    | 2 4 6 10 | 10.0
Armour         | 1 2 3 |  3.1
Stealth        | |  1.2

Action                     |  1- 3 |  4- 6 |  7- 9 | 10-12 | 13-15 | 16-18 || total
---------------------------+-------+-------+-------+-------+-------+-------++-------
   Fire: Shortbow          |   133 |   141 |   324 |     6 |       |       ||   604
         Orcbow            |       |       |       |   721 |   630 |       ||  1351
         Arbalest          |       |       |       |       |    75 |       ||    75
         Triple crossbow   |       |       |       |       |   489 |    19 ||   508
 Invoke: Heroism           |       |       |    12 |    23 |    37 |     1 ||    73
         Finesse           |       |       |       |     1 |     8 |       ||     9
    Use: Scroll            |     7 |     2 |     8 |     5 |    11 |     1 ||    34
         Potion            |     2 |       |     4 |     1 |     2 |       ||     9
 Armour: Leather armour    |     6 |       |       |       |       |       ||     6
         Ring mail         |       |     5 |       |       |       |       ||     5
         Robe              |       |    18 |     9 |    58 |    82 |     4 ||   171
  Dodge: Dodged            |    31 |    73 |   119 |   308 |  1089 |   105 ||  1725

Table legend:
 A = Non-vault XP
 B = Vault XP
 C = Vault XP percentage of total XP
 D = Non-vault monster count
 E = Vault monster count
 F = Vault count percentage of total count
                 A         B        C        D         E       F
            +---------+---------+-------+---------+---------+-------
      Total |  102086 |   53168 |  34.2 |     451 |     214 |  32.2
            +---------+---------+-------+---------+---------+-------
        D:1 |      39 |       5 |  11.4 |      20 |       5 |  20.0
        D:2 |      51 |       0 |   0.0 |      18 |       0 |   0.0
        D:3 |      27 |       0 |   0.0 |       9 |       0 |   0.0
        D:4 |     371 |       0 |   0.0 |      10 |       0 |   0.0
        D:5 |     752 |      24 |   3.1 |      18 |       6 |  25.0
        D:6 |     918 |       0 |   0.0 |      16 |       0 |   0.0
        D:7 |     801 |       0 |   0.0 |       9 |       0 |   0.0
        D:8 |     372 |     990 |  72.7 |      15 |      24 |  61.5
        D:9 |    1846 |    2165 |  54.0 |      15 |      19 |  55.9
       D:10 |    4010 |     649 |  13.9 |      19 |       9 |  32.1
       D:11 |    5735 |     340 |   5.6 |      28 |       1 |   3.4
       D:12 |    6424 |     836 |  11.5 |      18 |       1 |   5.3
       D:13 |    4631 |    6484 |  58.3 |      11 |      10 |  47.6
       D:14 |    3963 |       0 |   0.0 |       7 |       0 |   0.0
       D:15 |   22183 |    9584 |  30.2 |      41 |      14 |  25.5
     Lair:1 |    6104 |    2826 |  31.6 |      28 |      15 |  34.9
     Lair:2 |    7793 |     784 |   9.1 |      16 |       4 |  20.0
     Lair:3 |    4816 |     524 |   9.8 |      18 |       2 |  10.0
     Lair:4 |   17302 |       0 |   0.0 |      40 |       0 |   0.0
     Lair:5 |    8393 |    9262 |  52.5 |      26 |      17 |  39.5
      Orc:1 |    3939 |     503 |  11.3 |      45 |       1 |   2.2
      Orc:2 |    1616 |   13311 |  89.2 |      24 |      67 |  73.6
      Sewer |       0 |     129 | 100.0 |       0 |       6 | 100.0
   Gauntlet |       0 |    4752 | 100.0 |       0 |      13 | 100.0
            +---------+---------+-------+---------+---------+-------
